 Dungeon Crawl Stone Soup version 0.29.0-5-ge4962eb29e (webtiles) character file.

Game seed: 12657386923898059026

24975 Sobieck the Slicer (level 13, -2/63 HPs)
             Began as a Vine Stalker Earth Elementalist on Aug 29, 2022.
             Was a Follower of Uskayaw.
             Slain by a boulder beetle (17 damage)
             ... on level 2 of the Lair of Beasts.
             The game lasted 00:41:00 (14759 turns).

Sobieck the Slicer (VSEE)                          Turns: 14759, Time: 00:41:00

Health: -2/63      AC:  5    Str: 10    XL:     13   Next: 16%
Magic:  0/31       EV: 12    Int: 19    God:    Uskayaw [*.....]
Gold:   1252       SH:  0    Dex: 23    Spells: 16/23 levels left

rFire   + . .      SeeInvis .   a - +4 rapier (spect) {short}
rCold   + . .      Faith    .   (no shield)
rNeg    . . .      Spirit   +   e - +0 robe
rPois   .          Reflect  .   n - +2 helmet
rElec   .          Harm     .   l - scarf {rC+ rF+}
rCorr   .          Rampage  .   (no gloves)
Will    +....                   (no boots)
Stlth   ++++......              j - amulet of regeneration {@e2}
HPRegen 1.80/turn               g - +6 ring of dexterity
MPRegen 0.22/turn               J - ring of magical power

@: no status effects
A: fangs 3, regeneration 1, magic shield, antimagic bite, no potion heal 2
a: Renounce Religion, Stomp


You were on level 2 of the Lair of Beasts.
You worshipped Uskayaw.
Uskayaw was aware of your devotion.
You visited 3 branches of the dungeon, and saw 15 of its levels.
You also visited: Ossuary.

You collected 1252 gold pieces.


Innate Abilities, Weirdness & Mutations

You have razor-sharp teeth.
Your natural rate of healing is unusually fast.
When hurt, damage is shared between your health and your magic reserves.
Your bite disrupts and absorbs the magic of your enemies.
Potions cannot restore your health.


   Skills:
 + Level 4.4 Fighting
 - Level 14.0 Short Blades
 - Level 1.5 Dodging
 - Level 8.0 Stealth
 + Level 5.5 Spellcasting
 - Level 4.0 Transmutations
 - Level 9.0 Earth Magic
 + Level 9.0 Invocations


You had 16 spell levels left.
You knew the following spells:

 Your Spells              Type           Power      Damage    Failure   Level
a - Sandblast             Erth           78%        2d17      1%          1
b - Passwall              Tmut/Erth      24%        N/A       1%          2
c - Petrify               Tmut/Erth      29%        N/A       9%          4

Your spell library contained the following spells:

 Spells                   Type           Power      Damage    Failure   Level
 Stone Arrow              Conj/Erth      44%        3d9       5%          3
 Apportation              Tloc           10%        N/A       12%         1
 Necrotise                Necr           20%        1d5       12%         1
 Shock                    Conj/Air       20%        1d4       12%         1
 Summon Small Mammal      Summ           20%        N/A       12%         1
 Blink                    Tloc           10%        N/A       19%         2
 Ensorcelled Hibernation  Hex/Ice        10%        N/A       19%         2
 Animate Armour           Summ/Erth      44%        N/A       19%         4
 Confusing Touch          Hex            5%         N/A       34%         3
 Lesser Beckoning         Tloc           5%         N/A       34%         3
 Swiftness                Air            5%         N/A       34%         3
 Tukima's Dance           Hex            5%         N/A       34%         3
 Blade Hands              Tmut           10%        N/A       54%         5
 Airstrike                Air            2%         2d(1-17)  75%         4
 Passage of Golubria      Tloc           5%         N/A       75%         4
 Yara's Violent Unravell  Hex/Tmut       6%         3d5       82%         5
 Iron Shot                Conj/Erth      11%        9d3       96%         6
 Manifold Assault         Tloc           5%         N/A       97%         5
 Enfeeble                 Hex            2%         N/A       100%        7

Inventory:

Hand Weapons
 a - a +4 spectral rapier (weapon) {short}
   (You found it on level 3 of the Dungeon)
 b - a +4 scimitar of flaming {long}
   (You took it off Erica on level 8 of the Dungeon)
 c - a +5 short sword {short}
   (You took it off a wight on level 8 of the Dungeon)
 y - a +6 dagger {short}
   (You took it off an orc wizard on level 8 of the Dungeon)
Missiles
 i - 7 javelins {throwing}
 m - 37 poisoned darts {throwing}
 t - 9 boomerangs {throwing}
 F - 4 atropa-tipped darts {throwing}
Armour
 e - a +0 robe (worn)
 h - a +0 cloak
   (You found it on level 1 of the Dungeon)
 l - a scarf of resistance (worn)
   (You found it on level 2 of the Lair of Beasts)
 n - a +2 helmet (worn)
   (You found it on level 1 of the Dungeon)
 q - a +0 ring mail
   (You found it on level 1 of the Dungeon)
 P - a +0 robe
   (You took it off an orc wizard on level 6 of the Dungeon)
 Q - a +0 ring mail
   (You found it on level 7 of the Dungeon)
 R - a +0 ring mail
   (You took it off an orc on level 7 of the Dungeon)
Jewellery
 g - a +6 ring of dexterity (left hand)
   (You found it on level 1 of the Dungeon)
 j - an amulet of regeneration (around neck) {@e2}
   (You found it on level 1 of the Lair of Beasts)
 k - an amulet of reflection
   (You found it on level 1 of the Dungeon)
 p - a ring of resist corrosion
   (You found it on level 1 of the Dungeon)
 A - a +6 ring of strength
   (You found it on level 3 of the Dungeon)
 J - a ring of magical power (right hand)
   (You found it on level 5 of the Dungeon)
 O - a ring of see invisible
   (You found it on level 2 of the Lair of Beasts)
Wands
 d - a wand of mindburst (34)
   (You found it on level 4 of the Dungeon)
 C - a wand of flame (39)
   (You took it off an orc priest on level 8 of the Dungeon)
 H - a wand of iceblast (9)
   (You found it on level 8 of the Dungeon)
 X - a wand of quicksilver (20)
   (You found it on level 8 of the Dungeon)
Scrolls
 f - 4 scrolls of teleportation {@r4}
 r - a scroll of fear
 w - 2 scrolls of fog
 E - 3 scrolls of magic mapping {!r}
 K - 3 scrolls of blinking {!r}
 L - a scroll of vulnerability {!r!r}
 S - a scroll of enchant armour
 Y - 3 scrolls of immolation {!r!r}
Potions
 o - 6 potions of brilliance
 s - a potion of magic
 u - a potion of resistance
 v - 7 potions of curing {@q1}
 x - a potion of ambrosia
 z - 2 potions of lignification {!q}
 B - 3 potions of flight
 D - 2 potions of cancellation
 G - 2 potions of invisibility
 I - 4 potions of mutation {!q}
 M - 3 potions of haste {@q3}
 T - a potion of attraction {!q}
 U - a potion of degeneration {unknown}
 V - 4 potions of might
 W - 9 potions of heal wounds {@q2}
 Z - a potion of berserk rage {!q}
Miscellaneous
 N - a tin of tremorstones (2/2) {throwing}
   (You found it on level 2 of the Lair of Beasts)

Dungeon Overview and Level Annotations

Branches:
Dungeon (12/15) Zot: 26858  Temple (1/1) D:7 Zot: 5823    Lair (2/5) D:11 Zot: 10171
 Spider (0/4) Lair:2          Orc (0/2) D:9         Ossuary (visited)
  Swamp: Lair:2-3    Shoals: Lair:2-3

Altars:
Ashenzari
Cheibriados
Dithmenos
Elyvilon
Fedhas
Gozag
Hepliaklqana
Kikubaaqudgha
Makhleb
Nemelex Xobeh
Okawaru
Qazlal
Ru
Sif Muna
Trog
Uskayaw
Vehumet
Wu Jian
Xom
Yredelemnul
Zin
The Shining One

Annotations:
D:3 3 runed translucent doors, odiv's ghost, amateur DsWn
D:10 3 runed translucent doors, LynnLen's ghost, novice SpEn

#.............................
#.............................
#.............................
#.............>.............^^
##.........................^#^
##.......................##^.
##.......................#..
##...######...P...(.......##
#.....# ###@###...........##
####...####..B(...........^.#.
####PPB.....##.........≈~~~...^#.
..#.................~≈≈~≈≈≈~..###
B................P..≈≈≈≈≈≈≈~....#
.....[.........P...~≈≈≈≈≈≈≈~≈....
...........#.....P.~≈≈≈≈≈≈≈≈~....
#####..##.##.......~≈≈~~.~~~(....
..###...#.#.##....P~~~~.<.≈......


You could see a boulder beetle and a friendly +4 spectral rapier {short}
(summoned).


Message History

Unknown command.
You hit the boulder beetle.
You bite the boulder beetle, but do no damage.
Your +4 spectral rapier {short} hits the boulder beetle but does no damage.
The boulder beetle barely misses you.
Unknown command.
As you read the scroll of fear, it crumbles to dust.
You assume a fearsome visage.
The hell rat looks frightened!
The boulder beetle looks frightened! x2; The boulder beetle leaps!
The boulder beetle waves its antennae.
The boulder beetle leaps!
The boulder beetle leaps!
Cornered, the hell rat turns to fight!
The boulder beetle leaps!
The boulder beetle leaps!
Danger!
The boulder beetle seems to regain its courage.
The boulder beetle bites you.
Unknown command.
You hit the boulder beetle.
You bite the boulder beetle, but do no damage.
Your +4 spectral rapier {short} hits the boulder beetle but does no damage.
The boulder beetle leaps!
The boulder beetle curls into a ball and begins rolling!
Unknown command.
The boulder beetle hits you!!!
Ouch! That really hurt!
* * * LOW HITPOINT WARNING * * *
The boulder beetle stops rolling and uncurls.
Unknown command.
Really read
K - 4 scrolls of blinking {!r}?
Blink to where?
Press: ? - help, Dir - move target
As you read the scroll of blinking {!r}, it crumbles to dust.
Unknown command.
Danger!
Danger!
You start resting.
A boulder beetle is nearby!
Danger!
Unknown command.
The boulder beetle leaps!
The boulder beetle leaps!
Unknown command.
The boulder beetle bites you!!
You puncture the boulder beetle!
You bite the boulder beetle, but do no damage.
Your +4 spectral rapier {short} hits the boulder beetle but does no damage.
The boulder beetle bites you!
You hit the boulder beetle but do no damage.
You bite the boulder beetle, but do no damage.
Your +4 spectral rapier {short} hits the boulder beetle.
You puncture the boulder beetle! Your bite misses the boulder beetle.
Your +4 spectral rapier {short} hits the boulder beetle but does no damage.
The boulder beetle bites you.
Unknown command.
You puncture the boulder beetle!
You bite the boulder beetle, but do no damage.
Your +4 spectral rapier {short} hits the boulder beetle.
You hit the boulder beetle but do no damage.
You bite the boulder beetle, but do no damage.
Your +4 spectral rapier {short} hits the boulder beetle.
The boulder beetle bites you.
You barely miss the boulder beetle. You bite the boulder beetle.
You drain its power.
You feel invigorated.
Your +4 spectral rapier {short} hits the boulder beetle but does no damage.
Unknown command.
You hit the boulder beetle.
You bite the boulder beetle, but do no damage.
Your +4 spectral rapier {short} hits the boulder beetle!
The boulder beetle bites you!
* * * LOW HITPOINT WARNING * * *
You hit the boulder beetle but do no damage.
You bite the boulder beetle. You drain its power.
You feel invigorated.
Your +4 spectral rapier {short} hits the boulder beetle.
You can now pass through a line of other dancers.
You hit the boulder beetle.
You punch the boulder beetle, but do no damage.
You bite the boulder beetle, but do no damage.
Your +4 spectral rapier {short} hits the boulder beetle!
The boulder beetle leaps!
Unknown command.
The boulder beetle curls into a ball and begins rolling!
Casting: Sandblast (safe; 1% risk of failure)
Confirm with . or Enter, or press ? or * to list all spells.
Aiming: Sandblast (safe; 1% risk of failure)
Press: ? - help, Shift-Dir - straight line, f - boulder beetle
Aim: a boulder beetle (almost dead, rolling, 100% to hit)
The blast of sand hits the boulder beetle but does no damage.
The boulder beetle hits you!!!
* * * LOW HITPOINT WARNING * * *
The boulder beetle stops rolling and uncurls.
Unknown command.
You hit the boulder beetle but do no damage.
You bite the boulder beetle, but do no damage.
Your +4 spectral rapier {short} barely misses the boulder beetle.
You can no longer pass through a line of other dancers.
You hit the boulder beetle.
You bite the boulder beetle, but do no damage.
Your +4 spectral rapier {short} hits the boulder beetle but does no damage.
The boulder beetle bites you!!
You die...

Skill      XL: |  1  2  3  4  5  6  7  8  9 10 11 12 13 |
---------------+----------------------------------------+-----
Stealth        | 3 4 5 7 8 |  8.0
Short Blades   | 1 2 3 4 5 6 9 11 14 | 14.0
Earth Magic    | 4 5 6 8 9 |  9.0
Transmutations | 4 |  4.0
Fighting       | 2 3 4 |  4.4
Spellcasting   | 3 4 5 |  5.5
Invocations    | 2 5 8 9 |  9.0
Dodging        | |  1.5

Action                   |  1- 3 |  4- 6 |  7- 9 | 10-12 | 13-15 || total
-------------------------+-------+-------+-------+-------+-------++-------
Melee: Short sword       |    18 |     1 |       |       |       ||    19
       Bite              |     3 |     3 |    61 |   193 |    25 ||   285
       Rapier            |       |    25 |   178 |   469 |    45 ||   717
       Punch             |       |     1 |     5 |    12 |     1 ||    19
       Dagger            |       |       |     1 |     1 |       ||     2
 Cast: Sandblast         |    56 |    51 |    25 |    22 |     1 ||   155
       Passwall          |       |       |     6 |     5 |       ||    11
       Petrify           |       |       |     1 |       |       ||     1
  Use: Scroll            |       |    15 |     7 |     7 |     4 ||    33
       Potion            |       |       |       |     1 |       ||     1
 Stab: Sleeping          |     2 |     7 |    17 |    16 |     1 ||    43
       Distracted        |       |       |     4 |     5 |       ||     9
       Petrified         |       |       |     2 |       |       ||     2
       Paralysed         |       |       |       |    21 |     7 ||    28
Armor: Robe              |     7 |     3 |    38 |    64 |     2 ||   114
Dodge: Dodged            |    26 |    12 |   106 |   146 |    12 ||   302
Block: Other             |     8 |     7 |    36 |    53 |       ||   104
       Reflection        |       |     1 |     2 |     2 |       ||     5

Levels and vault maps discovered:
D:1:      mrwooster_arrival_statue_2, layout_basic,
          shapermc_ecumenical_altar_mp_highgroup
D:2:      layout_basic
D:3:      minmay_bubble_buster, layout_rooms, gammafunk_ghost_split
D:4:      layout_cave_pods, minitemple, mainiacjoe_overflow_two_lobes
D:5:      minmay_diamond_boxcup, layout_layer_cave
D:6:      layout_basic
D:7:      layout_loops_ring, temple_fountains,
          lightli_ossuary_entry_decrepit_ruins
D:8:      layout_loops_ring, amcnicky_altar_gilded, uniq_erica, uniq_grum
D:9:      layout_grid_maze, hiddenorc2_lemuel, uniq_erolcha
D:10:     layout_cave_pods, serial_park, serial_park_square2,
          serial_park_tiny_2, serial_park_square3 [serial_park_minivault_5x5_4],
          serial_park_square2, gammafunk_ghost_ooze, lemuel_old_faithful
D:11:     layout_rooms, erik_lair_dragon, serial_glass, glass_columns_c,
          glass_columns_a, glass_columns_a, glass_columns_a, glass_columns_a,
          glass_columns_a, glass_columns_a, glass_columns_c, glass_columns_b,
          glass_columns_c, minmay_strange_pillars, minmay_strange_pillars,
          due_unseen_surprise, item_on_display_a
D:12:     layout_loops_cross
Temple:   minmay_temple_bridge_d
Lair:1:   layout_chaotic_city, wad_woods_03, grunt_megastairs_5,
          infiniplex_staircase_pool_2
Lair:2:   hellmonk_destroyed_diamonds, layout_gridlike,
          spider_nest_entry_rubble, hellmonk_guarded_unrand_seven_league_boots,
          infiniplex_staircase_pool

Notes
Turn   | Place    | Note
-------+----------+-------------------------------------------
     0 | D:1      | Sobieck the Vine Stalker Earth Elementalist began the quest
                  | for the Orb.
     0 | D:1      | Reached XP level 1. HP: 9/9 MP: 4/4
    89 | D:1      | Reached XP level 2. HP: 13/13 MP: 4/6
   137 | D:1      | Reached skill level 3 in Stealth
   168 | D:1      | HP: 2/13 [dart slug/slug dart (5)]
   692 | D:1      | Found a faded altar of an unknown god.
   739 | D:1      | Learned a level 2 spell: Passwall
   964 | D:1      | Reached XP level 3. HP: 16/16 MP: 1/7
  1456 | D:2      | Reached skill level 1 in Short Blades
  1548 | D:2      | You pick up a book of Burglary and begin reading...
  1548 | D:2      | You add the spells Ensorcelled Hibernation and Swiftness to
                  | your library.
  2436 | D:3      | Reached skill level 4 in Stealth
  2436 | D:3      | Gained mutation: Your natural rate of healing is unusually
                  | fast. [Vine Stalker growth]
  2436 | D:3      | Reached XP level 4. HP: 19/21 MP: 3/8
  2607 | D:3      | Found a runed translucent gate.
  2812 | D:3      | Reached skill level 4 in Earth Magic
  3003 | D:3      | Found a runed translucent gate.
  3003 | D:3      | Found a runed translucent gate.
  3007 | D:3      | Noticed odiv's ghost (amateur DsWn)
  3156 | D:2      | Reached XP level 5. HP: 24/24 MP: 6/9
  3202 | D:3      | Reached skill level 2 in Short Blades
  3648 | D:4      | You pick up a book of Air and begin reading...
  3648 | D:4      | You add the spells Shock and Airstrike to your library.
  3659 | D:4      | Found an iron altar of Okawaru.
  3694 | D:4      | Found a white marble altar of Elyvilon.
  3833 | D:4      | Reached skill level 5 in Stealth
  3836 | D:4      | Reached XP level 6. HP: 20/28 MP: 2/10
  3990 | D:4      | Found an opulent altar of Gozag.
  3991 | D:4      | Found a bloodstained altar of Trog.
  3997 | D:4      | Found a snail-covered altar of Cheibriados.
  4292 | D:5      | Entered Level 5 of the Dungeon
  4334 | D:5      | Reached skill level 3 in Short Blades
  4478 | D:5      | Reached skill level 5 in Earth Magic
  4478 | D:5      | Reached XP level 7. HP: 32/32 MP: 11/11
  4508 | D:5      | Reached skill level 6 in Stealth
  4556 | D:5      | Learned a level 4 spell: Petrify
  4593 | D:5      | You pick up a book of Cantrips and begin reading...
  4593 | D:5      | You add the spells Necrotise, Summon Small Mammal and
                  | Apportation to your library.
  4730 | D:5      | Reached skill level 4 in Short Blades
  4782 | D:5      | Reached skill level 7 in Stealth
  4818 | D:5      | Reached skill level 6 in Earth Magic
  4818 | D:5      | Gained mutation: You have razor-sharp teeth. [Vine Stalker
                  | growth]
  4818 | D:5      | Reached XP level 8. HP: 31/36 MP: 10/12
  5848 | D:6      | Reached skill level 8 in Stealth
  5924 | D:6      | Reached skill level 5 in Short Blades
  6286 | D:6      | Reached skill level 7 in Earth Magic
  6598 | D:6      | Reached skill level 8 in Earth Magic
  6742 | D:7      | Reached XP level 9. HP: 39/39 MP: 13/13
  6888 | D:7      | Reached skill level 9 in Earth Magic
  6975 | D:7      | You pick up a book of Misfortune and begin reading...
  6975 | D:7      | You add the spells Confusing Touch, Yara's Violent
                  | Unravelling and Enfeeble to your library.
  6990 | D:7      | You pick up a book of Spatial Translocations and begin
                  | reading...
  6990 | D:7      | You add the spells Blink, Lesser Beckoning and Manifold
                  | Assault to your library.
  7076 | D:7      | Reached skill level 2 in Transmutations
  7189 | D:7      | Reached skill level 1 in Fighting
  7189 | D:7      | Found a sand-covered staircase.
  7197 | Ossuary  | Entered an ossuary
  7238 | Ossuary  | Reached skill level 3 in Spellcasting
  7252 | Ossuary  | Reached skill level 3 in Transmutations
  7353 | Ossuary  | Reached skill level 2 in Fighting
  7420 | D:7      | Found a staircase to the Ecumenical Temple.
  7426 | Temple   | Entered the Ecumenical Temple
  7531 | Temple   | Became a worshipper of Uskayaw the Reveller
  7751 | D:7      | Reached * piety under Uskayaw
  7955 | D:8      | Noticed Grum
  7967 | D:7      | Reached ** piety under Uskayaw
  7996 | D:7      | HP: 10/42 [wolf[Grum] (4)]
  8030 | D:7      | Reached skill level 4 in Transmutations
  8133 | D:7      | Reached skill level 1 in Invocations
  8224 | D:8      | Killed Grum
  8225 | D:8      | Reached skill level 6 in Short Blades
  8225 | D:8      | Reached skill level 2 in Invocations
  8291 | D:8      | Found a sacrificial altar of Ru.
  8301 | D:8      | Reached XP level 10. HP: 46/46 MP: 15/15
  8310 | D:8      | Reached *** piety under Uskayaw
  8406 | D:8      | Reached skill level 3 in Invocations
  8601 | D:8      | Noticed Erica
  8667 | D:8      | Reached skill level 7 in Short Blades
  9040 | D:8      | Killed Erica
  9041 | D:8      | Reached skill level 4 in Invocations
  9095 | D:9      | Reached **** piety under Uskayaw
  9179 | D:9      | Reached skill level 8 in Short Blades
  9226 | D:9      | Found a staircase to the Orcish Mines.
  9449 | D:9      | Noticed Erolcha
  9477 | D:9      | Reached skill level 5 in Invocations
  9479 | D:9      | Reached ***** piety under Uskayaw
  9519 | D:9      | Killed Erolcha
  9520 | D:9      | Reached skill level 9 in Short Blades
  9520 | D:9      | Reached XP level 11. HP: 46/50 MP: 16/16
  9788 | D:9      | HP: 11/50 [poisoned by a killer bee]
  9883 | D:9      | Reached skill level 6 in Invocations
  9997 | D:9      | Noticed a two-headed ogre
 10071 | D:9      | Killed a two-headed ogre
 10157 | D:9      | Reached skill level 10 in Short Blades
 10320 | D:10     | Entered Level 10 of the Dungeon
 10489 | D:10     | You pick up a book of Iron and begin reading...
 10489 | D:10     | You add the spells Animate Armour, Blade Hands and Iron
                  | Shot to your library.
 11036 | D:10     | Reached skill level 7 in Invocations
 11319 | D:10     | Found a runed translucent gate.
 11319 | D:10     | Found a runed translucent gate.
 11319 | D:10     | Found a runed translucent gate.
 11383 | D:10     | Noticed LynnLen's ghost (novice SpEn)
 11479 | D:11     | You add the spells Tukima's Dance and Passage of Golubria
                  | to your library.
 11519 | D:11     | Noticed a cyclops
 11522 | D:11     | Killed a cyclops
 11529 | D:11     | Reached skill level 11 in Short Blades
 12517 | D:11     | Found a staircase to the Lair.
 12747 | D:12     | Reached skill level 8 in Invocations
 12747 | D:12     | Reached XP level 12. HP: 36/54 MP: 19/19
 12841 | Lair:1   | Entered Level 1 of the Lair of Beasts
 12970 | Lair:1   | Reached skill level 12 in Short Blades
 13057 | Lair:1   | Noticed a four-headed hydra
 13069 | Lair:1   | Killed a four-headed hydra
 13301 | Lair:1   | Reached skill level 9 in Invocations
 13826 | Lair:2   | Reached skill level 13 in Short Blades
 13873 | Lair:2   | Found a hole to the Spider Nest.
 13995 | Lair:2   | Noticed a seven-headed hydra
 14001 | Lair:2   | Killed a seven-headed hydra
 14130 | Lair:2   | Reached skill level 14 in Short Blades
 14139 | Lair:2   | HP: 13/56 [yak (10)]
 14146 | Lair:2   | Reached skill level 4 in Spellcasting
 14295 | Lair:2   | Reached skill level 3 in Fighting
 14298 | Lair:2   | Reached XP level 13. HP: 56/60 MP: 20/20
 14468 | Lair:2   | Reached skill level 4 in Fighting
 14468 | Lair:2   | Reached skill level 5 in Spellcasting
 14757 | Lair:2   | HP: 13/63 [boulder beetle (26)]
 14759 | Lair:2   | Slain by a boulder beetle

Vanquished Creatures
  Erolcha (D:9)
  2 hydras
  A two-headed ogre (D:9)
  Erica (D:8)
  5 elephants (Lair:2)
  A cyclops (D:11)
  2 black mambas
  A gargoyle (D:10)
  An unseen horror (D:11)
  3 cane toads
  2 komodo dragons (Lair:2)
  A rime drake (Lair:2)
  A troll (D:10)
  A hornet (D:10)
  5 blink frogs (Lair:1)
  3 slime creatures (D:12)
  A jumping spider (Lair:2)
  A shadow (D:11)
  A spriggan (Lair:1)
  5 wyverns
  A wraith (D:7)
  4 basilisks
  45 yaks
  Grum (D:8)
  3 acid dragons (D:11)
  5 water moccasins
  2 ice beasts
  2 sky beasts
  4 orc warriors
  2 black bears (D:5)
  An ogre (D:6)
  3 centaurs
  15 wolves
  4 phantoms
  2 kobold brigands
  3 bullfrogs
  A necrophage (D:5)
  4 scorpions
  14 wights
  3 water moccasin zombies (Ossuary)
  5 killer bees (D:9)
  9 howler monkeys
  3 hounds
  4 jellies
  A gnoll bouda (D:8)
  5 orc priests
  6 iguanas
  12 orc wizards
  2 mummies (Ossuary)
  6 adders
  16 gnolls
  2 shadow imps
  5 white imps
  4 adder zombies (Ossuary)
  3 worms (D:3)
  3 dart slugs
  46 orcs
  6 ball pythons
  7 bats
  5 endoplasms
  3 giant cockroaches
  7 goblins
  8 hobgoblins
  A jackal (D:5)
  17 kobolds
  3 quokkas
  4 frilled lizards
  2 gnoll zombies (Ossuary)
  5 hobgoblin zombies (Ossuary)
  7 kobold zombies (Ossuary)
  2 orc zombies (Ossuary)
  9 rats
376 creatures vanquished.

Vanquished Creatures (others)
  A fungus (Lair:2)
  12 plants
13 creatures vanquished.

Grand Total: 389 creatures vanquished

Table legend:
 A = Non-vault XP
 B = Vault XP
 C = Vault XP percentage of total XP
 D = Non-vault monster count
 E = Vault monster count
 F = Vault count percentage of total count
                 A         B        C        D         E       F
            +---------+---------+-------+---------+---------+-------
      Total |   29163 |    6516 |  18.3 |     277 |      99 |  26.3
            +---------+---------+-------+---------+---------+-------
        D:1 |      43 |       0 |   0.0 |      23 |       0 |   0.0
        D:2 |      48 |       0 |   0.0 |      15 |       0 |   0.0
        D:3 |      85 |      35 |  29.2 |      18 |      11 |  37.9
        D:4 |     239 |       0 |   0.0 |      12 |       0 |   0.0
        D:5 |     962 |     222 |  18.8 |      17 |       7 |  29.2
        D:6 |     703 |       0 |   0.0 |      20 |       0 |   0.0
        D:7 |    1123 |     471 |  29.5 |      18 |       4 |  18.2
        D:8 |    1205 |    1008 |  45.5 |      28 |       2 |   6.7
        D:9 |    3679 |    1432 |  28.0 |      30 |      35 |  53.8
       D:10 |    2229 |     604 |  21.3 |      18 |       3 |  14.3
       D:11 |    2828 |     956 |  25.3 |      14 |       5 |  26.3
       D:12 |     780 |       0 |   0.0 |       3 |       0 |   0.0
     Lair:1 |    4513 |    1258 |  21.8 |      19 |       6 |  24.0
     Lair:2 |   10726 |     223 |   2.0 |      42 |       1 |   2.3
    Ossuary |       0 |     307 | 100.0 |       0 |      25 | 100.0
            +---------+---------+-------+---------+---------+-------

Illustrated notes

Table legend:
 A = Kills in this place as a percentage of kills in entire the game.
 B = Kills by you in this place as a percentage of kills by you in the entire game.
 C = Kills by friends in this place as a percentage of kills by friends in the entire game.
 D = Other kills in this place as a percentage of other kills in the entire game.
 E = Experience gained in this place as a percentage of experience gained in the entire game.
 F = Experience gained in this place divided by the number of levels of this place that you have seen.
                   A       B       C       D       E      F
               +-------+-------+-------+-------+-------+----------------------
         Total | 100.0 | 100.0 |   N/A |   N/A | 100.0 | 2229.9
       Dungeon |  75.3 |  75.3 |   N/A |   N/A |  52.3 | 1554.3
          Lair |  18.1 |  18.1 |   N/A |   N/A |  46.9 | 8360.0
       Ossuary |   6.6 |   6.6 |   N/A |   N/A |   0.9 | 307.0
               +-------+-------+-------+-------+-------+----------------------

Table legend: (Time is in decaauts)
 A = Elapsed time spent in this place.
 B = Non-inter-level travel time spent in this place.
 C = Inter-level travel time spent in this place.
 D = Time resting spent in this place.
 E = Time spent auto-exploring this place.
 F = Levels seen in this place.
 G = Mean time per level.
                   A        B        C        D        E       F      G
               +--------+--------+--------+--------+--------+-----+--------+
         Total |  14660 |  13779 |    881 |   1700 |   8755 |  16 |  916.2 |
       Dungeon |  12456 |  11680 |    776 |   1409 |   7614 |  12 | 1038.0 |
        Temple |    176 |    105 |     71 |      0 |     81 |   1 |  176.0 |
          Lair |   1827 |   1794 |     33 |    259 |   1060 |   2 |  913.5 |
       Ossuary |    199 |    199 |      0 |     32 |      0 |   1 |  199.0 |
               +--------+--------+--------+--------+--------+-----+--------+

Top non-repeatable levels by time:
     D:5: 1331 daAuts
     D:1: 1331 daAuts
    D:11: 1321 daAuts
     D:9: 1240 daAuts
     D:2: 1084 daAuts
     D:8: 1043 daAuts
     D:3: 1032 daAuts
     D:7: 1014 daAuts
    D:10: 1013 daAuts
     D:4: 989 daAuts
     D:6: 987 daAuts
  Lair:1: 940 daAuts
  Lair:2: 887 daAuts
 Ossuary: 199 daAuts
  Temple: 176 daAuts
